 Dungeon Crawl Stone Soup version 0.29-a0-330-g52719c12eb (webtiles) character file.

Game seed: 11058777853699318263

4604 kae the Arsonist (level 10, 0/83 HPs)
             Began as a Demigod Fire Elementalist on Apr 22, 2022.
             Slain by a hornet (7 damage)
             ... on level 8 of the Dungeon.
             The game lasted 00:08:06 (11256 turns).

kae the Arsonist (Demigod Fire Elementalist)       Turns: 11256, Time: 00:08:07

Health: 0/83       AC:  9    Str:  9    XL:     10   Next: 0%
Magic:  12/22      EV: 11    Int: 29    God:
Gold:   210        SH:  0    Dex: 14    Spells: 7/20 levels left

rFire   . . .      SeeInvis .   n - +3 whip
rCold   . . .      Faith    .   (no shield)
rNeg    + . .      Spirit   .   B - +0 acid dragon scales
rPois   .          Reflect  .   (no helmet)
rElec   .          Harm     .   (no cloak)
rCorr   +          Rampage  .   s - +2 pair of gloves
Will    +....                   (no boots)
Stlth   ++........              e - amulet of the acrobat
HPRegen 0.23/turn               v - ring of positive energy
MPRegen 0.18/turn               (no ring)

@: lethally poisoned (0 -> -17), slowed, very slow
A: high MP 1, forlorn, divine attributes
a: no special abilities


You were on level 8 of the Dungeon.
You visited 1 branch of the dungeon, and saw 9 of its levels.
You also visited: Sewer.

You collected 303 gold pieces.
You spent 93 gold pieces at shops.

Inventory:

Hand Weapons
 h - a +0 whip
 n - a +3 whip (weapon)
Armour
 a - a +1 robe
 s - a +2 pair of gloves (worn)
 B - +0 acid dragon scales (worn)
Jewellery
 e - an amulet of the acrobat (around neck)
 v - a ring of positive energy (left hand)
 F - a ring of protection from fire
Wands
 o - a wand of flame (22)
 w - a wand of iceblast (23)
 G - a wand of mindburst (11)
Scrolls
 j - a scroll of blinking
 l - 2 scrolls of fog
 r - 3 scrolls of teleportation
 t - 2 scrolls of vulnerability
 x - a scroll of magic mapping
 y - a scroll of enchant armour
 z - 4 scrolls of silence
Potions
 b - 3 potions of magic
 c - 2 potions of resistance
 d - 4 potions of ambrosia
 f - 4 potions of heal wounds
 g - a potion of attraction
 i - 5 potions of curing
 k - 4 potions of haste
 m - 2 potions of brilliance
 p - a potion of mutation
 q - a potion of berserk rage {unknown}
 u - 2 potions of flight
 D - a potion of cancellation {unknown}
 E - a potion of might {unknown}


   Skills:
 + Level 6.0 Fighting
 - Level 1.7 Dodging
 - Level 1.7 Stealth
 + Level 5.8 Spellcasting
 + Level 6.1 Conjurations
 * Level 9.1 Fire Magic


You had 7 spell levels left.
You knew the following spells:

 Your Spells              Type           Power      Damage    Failure   Level
a - Foxfire               Conj/Fire      100%       2x1d9     1%          1
b - Scorch                Fire           100%       2d10      1%          2
c - Conjure Flame         Conj/Fire      52%        6-21      1%          3
d - Inner Flame           Hex/Fire       35%        N/A       4%          3
e - Flame Wave            Conj/Fire      52%        2d11      4%          4

Your spell library contained the following spells:

 Spells                   Type           Power      Damage    Failure   Level
 Static Discharge         Conj/Air       26%        N/A       4%          2
 Sticky Flame             Conj/Fire      52%        2d7       4%          4
 Corpse Rot               Necr/Air       16%        N/A       14%         2
 Poisonous Vapours        Pois/Air       16%        N/A       14%         2
 Confusing Touch          Hex            8%         N/A       28%         3
 Gell's Gravitas          Tloc           8%         N/A       28%         3
 Lesser Beckoning         Tloc           8%         N/A       28%         3
 Teleport Other           Tloc           8%         N/A       28%         3
 Lightning Bolt           Conj/Air       13%        1d26      58%         5
 Dispel Undead            Necr           8%         3d8       67%         4
 Leda's Liquefaction      Hex/Erth       4%         N/A       67%         4
 Lee's Rapid Deconstruct  Erth           4%         3d6*      95%         5
 Yara's Violent Unravell  Hex/Tmut       4%         3d4       95%         5
 Statue Form              Tmut/Erth      5%         N/A       100%        6
 Enfeeble                 Hex            4%         N/A       100%        7
 Maxwell's Capacitive Co  Air            4%         ∞         100%        8


Dungeon Overview and Level Annotations

Branches:
Dungeon (9/15)             Temple (0/1) D:6           Sewer (visited)
   Lair: D:8-11         Orc: D:9-12

Shops:
D:3 !=*


Innate Abilities, Weirdness & Mutations

You have an increased reservoir of magic. (+10% MP)
You shall have no god before yourself.
Your divine heritage dramatically boosts your attributes as you level up.


Message History

You have reached level 10!
Unknown command.
Unknown command.
Casting: Flame Wave (dangerous; 4% risk of failure)
Confirm with . or Enter, or press ? or * to list all spells.
Restarting spell: Flame Wave (dangerous; 4% risk of failure)
Press: ? - help, Dir - look around, f - activate A wave of flame ripples out!
The flame wave engulfs the orc.
The orc is almost dead.
The flame wave engulfs the hornet.
The hornet is severely wounded. (Press . to intensify the flame waves.)
You feel yourself speed up.
You feel very sick. The hornet stings you!
You feel yourself slow down. The orc misses you. The hornet stings you.
* * * LOW HITPOINT WARNING * * *
You suddenly lose the ability to move!
The orc hits you but does no damage.
You feel sick. The hornet stings you.
* * * LOW HITPOINT WARNING * * *
You are more poisoned.
You feel as though you will be slow longer.
The orc hits you but does no damage. The hornet stings you!
* * * LOW HITPOINT WARNING * * *
You are more poisoned.
You feel as though you will be slow longer.
* * * LOW HITPOINT WARNING * * *
You feel extremely sick.
The hornet stings you but does no damage.
The orc hits you but does no damage.
You can move again.
Unknown command.
Unknown command.
You feel much better.
* * * LOW HITPOINT WARNING * * *
You feel extremely sick. The hornet stings you!
* * * LOW HITPOINT WARNING * * *
You shrug off the repeated paralysis!
The hornet stings you!
You die...

#...(...#...........#####.....#
#.......###...........#....#.##
#.......##.#..............####
#####..(#...............###
#...###.............#
#...#.##.#.........##
#...#....#.........####
#######)..#....#.y..........##
..........#....o@)..>........##
..........#..#................#
.......)..##.###.#.........<..#
..######'###..............#...###
..#...#..###.............#.......
..#..##....##.##.#......###.###..
..#.......##.^.###......#⌠#.#⌠#..
####......##...###......#.....#..
..............##........#.._..#..


You could see a hornet and an orc.

Vanquished Creatures
  Erica (D:8)
  Prince Ribbit (D:7)
  Sigmund (D:2)
  A yak (D:8)
  2 steam dragons
  An acid dragon (D:8)
  3 orc warriors
  3 sky beasts
  2 ice beasts (D:6)
  2 black bears (D:5)
  An ogre (D:4)
  3 centaurs
  3 kobold brigands
  3 bullfrogs
  2 necrophages
  3 scorpions
  4 killer bees (D:7)
  A howler monkey (D:8)
  3 jellies
  6 orc priests
  2 hounds
  An iron imp (D:5)
  An iguana (D:5)
  Jessica (D:3)
  9 orc wizards
  3 gnolls (D:4)
  6 adders
  6 river rats (Sewer)
  A white imp (D:5)
  2 ufetubi (D:5)
  A worm (D:2)
  5 dart slugs
  20 orcs
  5 bats
  5 endoplasms
  14 giant cockroaches
  10 hobgoblins
  6 jackals
  26 kobolds
  3 quokkas
  19 ball pythons
  3 frilled lizards
  6 goblins
  2 goblin skeletons (D:5)
  2 hobgoblin zombies (D:5)
  A kobold skeleton (D:5)
  3 kobold zombies (D:5)
  2 orc skeletons (D:5)
  27 rats
238 creatures vanquished.

Vanquished Creatures (collateral kills)
  A bullfrog (D:8)
  An orc (D:8)
2 creatures vanquished.

Vanquished Creatures (others)
  761 foxfires
761 creatures vanquished.

Grand Total: 1001 creatures vanquished

Notes
Turn   | Place    | Note
-------+----------+-------------------------------------------
     0 | D:1      | kae the Demigod Fire Elementalist began the quest for the
                  | Orb.
     0 | D:1      | Reached XP level 1. HP: 14/14 MP: 5/5
    44 | D:1      | Reached skill level 1 in Conjurations
   236 | D:1      | Reached skill level 3 in Fire Magic
   236 | D:1      | Reached XP level 2. HP: 22/22 MP: 1/7
   746 | D:1      | Reached XP level 3. HP: 27/27 MP: 3/8
   749 | D:1      | Learned a level 2 spell: Scorch
   838 | D:1      | Reached skill level 1 in Fighting
  1915 | D:2      | Noticed Sigmund
  1933 | D:2      | Killed Sigmund
  1934 | D:2      | Reached skill level 4 in Fire Magic
  1934 | D:2      | Reached XP level 4. HP: 27/36 MP: 0/10
  1934 | D:2      | Reached XP level 5. HP: 31/41 MP: 0/11
  2777 | D:3      | Found Kalusas's Jewellery Shoppe.
  2777 | D:3      | Found Copourpho's Assorted Antiques.
  2821 | D:3      | Bought a blue potion for 18 gold pieces
  2821 | D:3      | Bought a scroll of identify for 42 gold pieces
  2861 | D:3      | Found a glowing drain.
  3027 | D:3      | Noticed Jessica
  3043 | D:3      | Killed Jessica
  3147 | Sewer    | Entered a sewer
  3254 | Sewer    | Reached XP level 6. HP: 48/48 MP: 9/13
  3878 | Sewer    | Reached skill level 5 in Fire Magic
  4631 | D:3      | Found Oqo Ric's Distillery.
  4639 | D:3      | Bought a potion of curing for 33 gold pieces
  4831 | D:4      | Reached XP level 7. HP: 56/56 MP: 10/15
  5071 | D:4      | Learned a level 3 spell: Conjure Flame
  5076 | D:4      | Learned a level 4 spell: Flame Wave
  5801 | D:5      | Entered Level 5 of the Dungeon
  5927 | D:5      | Learned a level 3 spell: Inner Flame
  6406 | D:5      | Reached skill level 6 in Fire Magic
  6708 | D:5      | Reached XP level 8. HP: 66/66 MP: 12/17
  7574 | D:6      | Found a staircase to the Ecumenical Temple.
  7864 | D:6      | Reached skill level 7 in Fire Magic
  7901 | D:6      | Noticed an angel
  8797 | D:7      | Reached skill level 5 in Conjurations
  8797 | D:7      | Reached XP level 9. HP: 73/73 MP: 8/20
  8872 | D:7      | Noticed Prince Ribbit
  8880 | D:7      | Killed Prince Ribbit
  8881 | D:7      | Reached skill level 5 in Fighting
  8881 | D:7      | Reached skill level 5 in Spellcasting
  8986 | D:7      | Reached skill level 8 in Fire Magic
  9911 | D:8      | Noticed Erica
 10472 | D:8      | Killed Erica
 10473 | D:8      | Reached skill level 9 in Fire Magic
 11246 | D:9      | Paralysed by a hornet for 2 turns
 11253 | D:8      | Reached XP level 10. HP: 41/83 MP: 15/22
 11253 | D:8      | Paralysed by a hornet for 3 turns
 11255 | D:8      | HP: 2/83 [poisoned by a hornet]
 11256 | D:8      | Slain by a hornet

Illustrated notes

Levels and vault maps discovered:
D:1:      ncdulo_wetmaze, layout_loops_cross, hellmonk_ecumenical_altar_run_dry,
          minmay_pentomino_p2
D:2:      layout_basic, uniq_sigmund
D:3:      layout_rooms, nicolae_overflow_ecumenical_swirl,
          mainiacjoe_overflow_tiny_flanked, gup_sewer_entry_glass, serial_shops,
          shop, shop, nicolae_shop_advertising_works
          [nicolae_subvault_shop_adworks], minmay_quantized, uniq_jessica
D:4:      layout_basic
D:5:      layout_basic, nicolae_tso_besieged_by_evil
D:6:      layout_basic, zin_angel, temple_fountains, nicolae_sextant
D:7:      layout_loops_cross, uniq_prince_ribbit1
D:8:      kennysheep_blocky_hall, layout_cave_pools,
          mainiacjoe_overflow_alcove_2, nicolae_uskayaw_suspiria, uniq_erica
D:9:      layout_cross, lemuel_tele_altar, orc_0_dummy, nzn_ghost_randoct,
          nicolae_transmutations_shop

Skill      XL: |  1  2  3  4  5  6  7  8  9 |
---------------+----------------------------+-----
Conjurations   | 1 2 3 5 6 |  6.1
Fire Magic     | 3 4 5 6 7 9 |  9.1
Spellcasting   | 2 3 4 5 |  5.8
Fighting       | 2 3 4 6 |  6.0
Dodging        | |  1.7
Stealth        | |  1.7

Action                   |  1- 3 |  4- 6 |  7- 9 | 10-12 || total
-------------------------+-------+-------+-------+-------++-------
Melee: Unarmed           |    12 |       |       |       ||    12
       Whip              |       |     5 |    29 |       ||    34
 Cast: Foxfire           |   101 |   109 |   233 |       ||   443
       Scorch            |     4 |    19 |    53 |       ||    76
       Flame Wave        |       |       |    10 |     1 ||    11
  Use: Scroll            |     2 |     6 |    11 |       ||    19
       Potion            |       |       |     2 |     1 ||     3
Armor: Robe              |     6 |     4 |    27 |       ||    37
       Acid dragon scale |       |       |    17 |     4 ||    21
Dodge: Dodged            |    35 |    37 |   178 |     1 ||   251

Table legend: (Time is in decaauts)
 A = Elapsed time spent in this place.
 B = Non-inter-level travel time spent in this place.
 C = Inter-level travel time spent in this place.
 D = Time resting spent in this place.
 E = Time spent auto-exploring this place.
 F = Levels seen in this place.
 G = Mean time per level.
                   A        B        C        D        E       F      G
               +--------+--------+--------+--------+--------+-----+--------+
         Total |  11314 |  10978 |    336 |    628 |   8636 |  10 | 1131.4 |
       Dungeon |   9958 |   9622 |    336 |    545 |   7578 |   9 | 1106.4 |
         Sewer |   1356 |   1356 |      0 |     83 |   1058 |   1 | 1356.0 |
               +--------+--------+--------+--------+--------+-----+--------+

Top non-repeatable levels by time:
     D:7: 1608 daAuts
     D:8: 1553 daAuts
     D:5: 1475 daAuts
     D:1: 1434 daAuts
   Sewer: 1356 daAuts
     D:2: 1347 daAuts
     D:4: 1010 daAuts
     D:6: 835 daAuts
     D:3: 674 daAuts
     D:9: 19 daAuts
